 Dungeon Crawl Stone Soup version 0.20.0-10-g0535bb4 (webtiles) character file.

30 poirepourri the Charmwright (level 3, 0/28 HPs)
             Began as a Merfolk Skald on June 6, 2017.
             Succumbed to an adder's poison
             ... on level 2 of the Dungeon.
             The game lasted 00:01:43 (1309 turns).

poirepourri the Charmwright (Merfolk Skald)         Turns: 1309, Time: 00:01:44

Health: 0/28       AC:  5    Str: 11    XL:     3   Next: 18%
Magic:  4/6        EV: 12    Int: 12    God:
Gold:   45         SH:  0    Dex: 14    Spells: 1/6 levels left

rFire    . . .     SeeInvis .   a - +0 spear
rCold    . . .     Gourm    .   (no shield)
rNeg     . . .     Faith    .   b - +0 leather armour
rPois    .         Spirit   .   (no helmet)
rElec    .         Reflect  .   (no cloak)
rCorr    .         Harm     .   (no gloves)
MR       .....                  (no boots)
Stlth    +.........             h - amulet of magic regeneration
Regen    0.1/turn               (no ring)
MPRegen  0.2/turn               (no ring)

@: lethally poisoned (0 -> -1), infused (expiring), hasted, heavily drained,
very quick
A: change form in water, swift swim, stealthy swim, icy blue scales 1, evolution
1
a: no special abilities


You were on level 2 of the Dungeon.
You were not hungry.

You visited 1 branch of the dungeon, and saw 2 of its levels.

You collected 45 gold pieces.

Inventory:

Hand Weapons
 a - a +0 spear (weapon)
Missiles
 l - 8 javelins (quivered)
 n - 5 javelins of penetration
Armour
 b - a +0 leather armour (worn)
Jewellery
 h - an amulet of magic regeneration (around neck)
 k - an uncursed amulet of rage
Scrolls
 e - 4 scrolls of remove curse
 j - 2 scrolls of teleportation
Books
 c - a book of Battle

   Spells                             Type                      Level
   a - Infusion                       Charms                       1
   b - Shroud of Golubria             Charms/Translocation         2
   c - Song of Slaying                Charms                       2
   d - Spectral Weapon                Hexes/Charms                 3
   e - Regeneration                   Charms/Necromancy            3
Comestibles
 d - a bread ration
 f - 2 fruits
 g - a royal jelly


   Skills:
 + Level 2.5(1.3) Fighting
 + Level 3.5(2.3) Polearms
 + Level 0.7(0.0) Armour
 + Level 3.0(1.8) Dodging
 + Level 2.3(1.2) Spellcasting
 + Level 3.7(2.5) Charms


You had one spell level left.
You knew the following spells:

 Your Spells              Type           Power        Failure   Level  Hunger
a - Infusion              Chrm           #...         14%         1    ##.....
b - Shroud of Golubria    Chrm/Tloc      #.........   34%         2    ###....
c - Song of Slaying       Chrm           #.......     21%         2    ###....


Dungeon Overview and Level Annotations

Branches:
Dungeon (2/15)

Altars:


Innate Abilities, Weirdness & Mutations

You revert to your normal form in water.
You are very nimble and swift while swimming.
You are very stealthy in the water. (Stealth+)
You are partially covered in icy blue scales. (AC +2)
You evolve.


Message History

The adder bites you.
* * * LOW HITPOINT WARNING * * *
You hit the adder!
You kill the adder!
Your base Dodging skill increases to level 3!
You have reached level 3!
Your experience leads to an increase in your attributes!
Increase (S)trength, (I)ntelligence, or (D)exterity?
You feel agile.
You aren't carrying any potions.
Unknown command.
There is a lethal amount of poison in your body!
There is a lethal amount of poison in your body!
There is a lethal amount of poison in your body!
* * * LOW HITPOINT WARNING * * *
You feel sick.
Found 20 stones.
Your magical contamination has completely faded away.
Your magical infusion is running out.
You die...

#............##...##
#...†.....##....#####
#.......>.#...#..)...
#...........########.
####.........##
#..........[...
####.#.........
#....#######
##†.@...# #.####...#
...# #....... #....#
......... #...>.
.#####... #....# .#
## #....# . .#### .(


There were no monsters in sight!

Vanquished Creatures
  An adder (D:2)
  A leopard gecko (D:1)
  2 giant cockroaches (D:2)
  3 goblins
  3 hobgoblins
  A frilled lizard (D:2)
  6 kobolds (D:1)
  2 rats (D:1)
19 creatures vanquished.

Vanquished Creatures (others)
  2 plants (D:1)
2 creatures vanquished.

Grand Total: 21 creatures vanquished

Notes
Turn   | Place    | Note
-------+----------+-------------------------------------------
     0 | D:1      | poirepourri the Merfolk Skald began the quest for the Orb.
     0 | D:1      | Reached XP level 1. HP: 16/16 MP: 3/3
   283 | D:1      | Reached XP level 2. HP: 20/22 MP: 0/5
   695 | D:1      | Learned a level 2 spell: Shroud of Golubria
   698 | D:1      | Learned a level 2 spell: Song of Slaying
  1296 | D:2      | Gained mutation: You evolve. [potion of mutation]
  1296 | D:2      | Gained mutation: You are partially covered in icy blue scales. (AC +2) [potion of mutation]
  1299 | D:2      | HP: 1/23 [adder (1)]
  1300 | D:2      | Reached XP level 3. HP: 1/28 MP: 3/6
  1309 | D:2      | Succumbed to an adder's poison

Skill      XL: |  1  2 |
---------------+-------+-----
Dodging        | 3 |  3.0
Fighting       | |  2.5
Polearms       | |  3.5
Armour         | |  0.7
Spellcasting   | |  2.3
Charms         | |  3.7

Action                   || total
-------------------------++-------
Melee: Spear             ||    75
 Cast: Infusion          ||     8
  Use: Scroll            ||     5
       Potion            ||     2
  Eat: Meat ration       ||     1
Armor: Leather armour    ||    13
Dodge: Dodged            ||    51
